 Dungeon Crawl Stone Soup version 0.27-a0-32-g443bf2d2ca (webtiles) character file.

Game seed: 14944309758645260442

588 DocSulfur the Ruffian (level 7, 57/57 HPs)
             Began as a White Draconian Transmuter on Jan 4, 2021.
             Quit the game on level 4 of the Dungeon.
             The game lasted 00:07:11 (4909 turns).

DocSulfur the Ruffian (White Draconian Transmuter)  Turns: 4909, Time: 00:07:12

Health: 57/57      AC:  8    Str: 14    XL:     7   Next: 15%
Magic:  21/21      EV: 12    Int: 19    God:
Gold:   287        SH:  0    Dex: 12    Spells: 9/12 levels left

rFire    . . .     SeeInvis .     - Unarmed
rCold    + . .     Faith    .   (no shield)
rNeg     . . .     Spirit   .   (armour unavailable)
rPois    .         Reflect  .   (helmet restricted)
rElec    .         Harm     .   b - +0 cloak
rCorr    .         Rampage  .   d - +0 pair of gloves
Will     .....                  (no boots)
Stlth    +.........             (no amulet)
HPRegen  0.19/turn              k - ring of magical power
MPRegen  0.17/turn              f - +6 ring of intelligence

@: studying Fighting
A: breathe frost, unfitting armour, cold resistance 1, cold-blooded, AC +6
a: Breathe Frost


You were on level 4 of the Dungeon.
You visited 1 branch of the dungeon, and saw 4 of its levels.

You collected 287 gold pieces.

Inventory:

Missiles
 q - 4 poisoned darts (quivered)
Armour
 b - a +0 cloak (worn)
 d - a +0 pair of gloves (worn)
Jewellery
 f - a +6 ring of intelligence (right hand)
 i - an uncursed ring of stealth
 k - a ring of magical power (left hand)
 o - an uncursed amulet of magic regeneration {unknown}
 x - an uncursed ring of see invisible {unknown}
Wands
 p - a wand of iceblast (9)
Scrolls
 a - 8 scrolls of teleportation
 m - 4 scrolls of identify
 r - a scroll of magic mapping {unknown}
 s - 2 scrolls of blinking {unknown}
 t - a scroll of enchant armour {unknown}
 v - a scroll of amnesia {unknown}
 y - a scroll of fog {unknown}
Potions
 c - 2 potions of heal wounds
 e - 3 potions of cancellation
 g - a potion of might {unknown}
 h - a potion of brilliance {unknown}
 j - 2 potions of curing {unknown}
 l - 2 potions of flight {unknown}
 n - a potion of magic {unknown}
 u - a potion of experience {unknown}
Books
 w - a manual of Fighting


   Skills:
 + Level 3.5 Fighting
 - Level 1.7 Dodging
 * Level 5.3 Unarmed Combat
 + Level 3.4 Spellcasting
 * Level 4.8 Transmutations


You had 9 spell levels left.
You knew the following spells:

 Your Spells              Type           Power        Failure   Level
a - Beastly Appendage     Tmut           42%          1%          1
b - Wereblood             Tmut           21%          3%          2

Your spell library contained the following spells:

 Spells                   Type           Power        Failure   Level
 Spider Form              Tmut/Pois      6%           16%         3
 Ice Form                 Ice/Tmut       12%          47%         4
 Blade Hands              Tmut           10%          50%         5


Dungeon Overview and Level Annotations

Branches:
Dungeon (4/15)
 Temple: D:4-7

Altars:
Kikubaaqudgha
Yredelemnul


Innate Abilities, Weirdness & Mutations

You can breathe waves of freezing cold.
You can buffet flying creatures when you breathe cold.
Your icy white scales are hard. (AC +6)
You cannot fit into any form of body armour.
Your flesh is cold resistant. (rC+)
You are cold-blooded and may be slowed by cold attacks.


Message History

The gnoll draws strength from your wounds!
You closely miss the gnoll. The gnoll barely misses you.
You hit the gnoll but do no damage. You claw the gnoll.
You tail-slap the gnoll.
The gnoll is severely wounded.
The gnoll barely misses you.
You hit the gnoll.
You tail-slap the gnoll, but do no damage.
The gnoll is almost dead.
The gnoll barely misses you.
You hit the gnoll.
You kill the gnoll!
Found a stone staircase leading down.
Things that are here:
a +0 vampiric whip; a +1 whip of pain Your transformation is almost over.
Your horns disappear.
Your talons disappear.
There is a stone staircase leading down here.
A gnoll comes into view. It is wielding a +0 halberd.
Are you sure you want to abandon this character and quit the game? (Confirm with "yes".)

## #.# # #.#
####.##########
...........)..#
...#......###.####
..........#......#
..........#.#.##.##
.................>#
..........#.####@##
.#.#.######.# #.#
......... . # #.#
........## #.#
..##..#.## #.#
.........# #.#
#.##.....# g.#
.........# ######
##.#....># #.#


You could see a gnoll (wandering).

Vanquished Creatures
  2 ogres (D:4)
  A bullfrog (D:4)
  An orc wizard (D:3)
  An iguana (D:4)
  Terence (D:2)
  Natasha (D:2)
  A worker ant (D:4)
  Robin (D:2)
  7 adders
  2 gnolls (D:4)
  3 oozes
  4 worms
  3 leopard geckos
  5 orcs (D:3)
  4 giant cockroaches
  2 gnoll zombies (D:3)
  13 goblins
  11 hobgoblins
  8 jackals
  5 quokkas
  2 ball pythons
  5 bats
  4 frilled lizards
  10 kobolds
  A leopard gecko skeleton (D:4)
  2 quokka skeletons (D:4)
  9 rats
109 creatures vanquished.

Vanquished Creatures (others)
  9 withered plants (D:4)
9 creatures vanquished.

Grand Total: 118 creatures vanquished

Notes
Turn   | Place    | Note
-------+----------+-------------------------------------------
     0 | D:1      | DocSulfur the Draconian Transmuter began the quest for the
                  | Orb.
     0 | D:1      | Reached XP level 1. HP: 16/16 MP: 3/3
    54 | D:1      | Reached XP level 2. HP: 16/23 MP: 3/5
   156 | D:1      | Learned a level 2 spell: Wereblood
   865 | D:1      | Reached XP level 3. HP: 28/28 MP: 4/6
  1084 | D:2      | Noticed Terence
  1094 | D:2      | Killed Terence
  1095 | D:2      | Reached XP level 4. HP: 12/36 MP: 7/7
  1792 | D:2      | Reached skill level 4 in Unarmed Combat
  2007 | D:2      | Noticed Robin
  2041 | D:2      | Killed Robin
  2179 | D:2      | Noticed Natasha
  2182 | D:2      | Killed Natasha
  2183 | D:2      | Reached XP level 5. HP: 41/41 MP: 7/9
  3926 | D:3      | Found a basalt altar of Yredelemnul.
  4052 | D:4      | Noticed an ogre
  4069 | D:4      | Killed an ogre
  4070 | D:4      | Reached XP level 6. HP: 40/50 MP: 10/10
  4169 | D:4      | Found an ancient bone altar of Kikubaaqudgha.
  4657 | D:4      | Reached skill level 5 in Unarmed Combat
  4822 | D:4      | Your scales start taking on an icy white colour.
  4822 | D:4      | Reached XP level 7. HP: 57/57 MP: 12/12
  4822 | D:4      | Gained mutation: Your flesh is cold resistant. (rC+) [White
                  | Draconian growth]
  4909 | D:4      | Quit the game

Illustrated notes

Levels and vault maps discovered:
D:1:      ncdulo_watergridlock, layout_basic
D:2:      layout_loops_ring, lightli_corner_chamber, uniq_robin, uniq_natasha,
          uniq_terence
D:3:      layout_basic, lemuel_zombie_altar_yredelemnul
D:4:      minmay_inner_zag, layout_basic, kiku_gazebo_garden_becter,
          minmay_manual_monstrance

Skill      XL: |  1  2  3  4  5  6 |
---------------+-------------------+-----
Transmutations | 3 4 |  4.8
Fighting       | 2 3 |  3.5
Unarmed Combat | 4 5 |  5.3
Spellcasting   | 3 |  3.4
Dodging        | |  1.7

Action                   |  1- 3 |  4- 6 |  7- 9 || total
-------------------------+-------+-------+-------++-------
Melee: Unarmed           |    91 |   235 |     8 ||   334
       Kick              |    18 |    35 |     2 ||    55
       Headbutt          |    11 |    28 |     2 ||    41
       Tailslap          |     3 |    18 |     2 ||    23
       Punch             |     2 |     5 |       ||     7
Throw: Dart              |       |     4 |       ||     4
 Cast: Beastly Appendage |    24 |    45 |     1 ||    70
       Wereblood         |     1 |     2 |       ||     3
Evoke: Wand              |       |     1 |       ||     1
  Use: Scroll            |       |     3 |       ||     3
 Stab: Sleeping          |       |     2 |       ||     2
Armor: Skin              |    25 |    71 |       ||    96
Dodge: Dodged            |    69 |   150 |     3 ||   222

Table legend: (Time is in decaauts)
 A = Elapsed time spent in this place.
 B = Non-inter-level travel time spent in this place.
 C = Inter-level travel time spent in this place.
 D = Time resting spent in this place.
 E = Time spent auto-exploring this place.
 F = Levels seen in this place.
 G = Mean time per level.
                   A        B        C        D        E       F      G
               +--------+--------+--------+--------+--------+-----+--------+
         Total |   4881 |   4802 |     79 |      0 |   3949 |   4 | 1220.2 |
       Dungeon |   4881 |   4802 |     79 |      0 |   3949 |   4 | 1220.2 |
               +--------+--------+--------+--------+--------+-----+--------+

Top non-repeatable levels by time:
     D:3: 1540 daAuts
     D:2: 1352 daAuts
     D:1: 1079 daAuts
     D:4: 908 daAuts
